 Dungeon Crawl Stone Soup version 0.29-a0-676-ga64570c9d2 (webtiles) character file.

Game seed: 11614025763523499994

528092 buhh the Sniper (level 26, -1/146 HPs)
             Began as a Kobold Hunter on June 24, 2022.
             Was an Elder of Hepliaklqana.
             Slain by a balrug
             ... wielding a +1 demon whip of venom
              (12 damage)
             ... on level 4 of the Depths.
             The game lasted 03:04:25 (68441 turns).

buhh the Sniper (Kobold Hunter)                    Turns: 68441, Time: 03:04:25

Health: -1/146     AC: 19    Str: 16    XL:     26   Next: 85%
Magic:  29/40      EV: 25    Int: 30    God:    Hepliaklqana [****..]
Gold:   2320       SH:  5    Dex: 16    Spells: 6/51 levels left

rFire   + . .      SeeInvis +   C - +9 triple crossbow (vorpal)
rCold   + + +      Faith    .   (shield currently unavailable)
rNeg    . . .      Spirit   .   j - +4 skin of Zhor {*Englaciate rC+++ SInv}
rPois   +          Reflect  +   n - +1 helmet {Int+3}
rElec   .          Harm     .   r - +0 cloak {rCorr}
rCorr   +          Rampage  .   A - +1 pair of gloves "Jutsug" {rC+ Will+ Str+2 Dex-3}
Will    ++...                   m - +2 pair of boots of Equump {Drain Int+5 Slay+2}
Stlth   +++++.....              Z - amulet of reflection
HPRegen 0.34/turn               p - +4 ring of protection
MPRegen 0.27/turn               s - ring "Nexzab" {rPois rF+ Str+3 Int+3}

@: studying Translocations
A: reduced essence, small, no large weapons, nightstalker 3
}: 3/15 runes: decaying, silver, gossamer
a: Renounce Religion, Recall Ancestor, Ancestor Identity, Transference, Idealise


You were on level 4 of the Depths.
You worshipped Hepliaklqana.
Hepliaklqana was greatly pleased with you.
You visited 10 branches of the dungeon, and saw 45 of its levels.
You visited 2 bazaars.
You also visited: Sewer, Ice Cave and Wizlab.

You collected 8108 gold pieces.
You spent 5788 gold pieces at shops.

Inventory:

Hand Weapons
 C - a +9 vorpal triple crossbow (weapon)
Armour
 c - the +2 robe of the Bard {rElec Int-5 Slay+6 Archmagi}
   (You bought it in a shop in a bazaar)

   Int:       It affects your intelligence (-5).
   Slay:      It affects your accuracy & damage with ranged weapons and melee
   (+6).
   rElec:     It insulates you from electricity.
   Archmagi:  It increases the power of your magical spells.
 g - a +2 cloak of willpower
 j - the +4 skin of Zhor (worn) {*Englaciate rC+++ SInv}
   (You found it in a bazaar)

   It radiates cold, occasionally slowing all nearby creatures who are not
   resistant to cold.
   rC:        It renders you almost immune to cold.
   SInv:      It lets you see invisible.
 m - the +2 pair of boots of Equump (worn) {Drain Int+5 Slay+2}
   (You found it on level 2 of the Vaults)

   Int:       It affects your intelligence (+5).
   Slay:      It affects your accuracy & damage with ranged weapons and melee
   (+2).
   Drain:     It drains your maximum health when unequipped.
 n - a +1 helmet of intelligence (worn)
 q - the +3 leather armour of Ashenzari's Approval {rElec Regen+}
   (You bought it in a shop on level 2 of the Orcish Mines)

   rElec:     It insulates you from electricity.
   Regen:     It increases your rate of health regeneration.
 r - a +0 cloak of preservation (worn)
 A - the +1 pair of gloves "Jutsug" (worn) {rC+ Will+ Str+2 Dex-3}
   (You found it on level 10 of the Dungeon)

   Str:       It affects your strength (+2).
   Dex:       It affects your dexterity (-3).
   rC:        It protects you from cold.
   Will:      It increases your willpower.
 W - a +2 robe of the Archmagi
Jewellery
 a - a ring of protection from cold
 l - the ring "Reyderch" {Ice rCorr SInv}
   (You took it off Josephina on level 4 of the Depths)

   [ring of ice]

   It enhances your ice magic.
   rF:        It makes you vulnerable to fire.
   rC:        It protects you from cold.
   SInv:      It lets you see invisible.
   rCorr:     It protects you from acid and corrosion.
 p - a +4 ring of protection (left hand)
 s - the ring "Nexzab" (right hand) {rPois rF+ Str+3 Int+3}
   (You found it on level 5 of the Vaults)

   [ring of protection from fire]

   Str:       It affects your strength (+3).
   Int:       It affects your intelligence (+3).
   rF:        It protects you from fire.
   rPois:     It protects you from poison.
 S - a +6 ring of dexterity
 Y - a +4 ring of protection
 Z - an amulet of reflection (around neck)
Wands
 v - a wand of digging (4)
 x - a wand of polymorph (22)
 y - a wand of mindburst (26)
 D - a wand of flame (30)
 G - a wand of paralysis (14)
 I - a wand of light (26)
 M - a wand of iceblast (22)
Scrolls
 d - 10 scrolls of vulnerability
 t - 19 scrolls of teleportation {!d}
 u - 10 scrolls of poison
 z - 6 scrolls of fear {!r}
 E - 4 scrolls of silence {!r}
 F - a scroll of enchant weapon
 P - 4 scrolls of magic mapping {!r!d}
 Q - 5 scrolls of fog
 R - 7 scrolls of torment
 T - 9 scrolls of immolation {!d}
 X - 10 scrolls of amnesia
Potions
 f - 11 potions of might
 h - 2 potions of berserk rage {!q}
 k - 13 potions of flight
 B - 10 potions of ambrosia {!q!d}
 H - 9 potions of invisibility {!q!d}
 J - 3 potions of magic {!q!d}
 K - 8 potions of brilliance {!q!d}
 L - 11 potions of resistance {!q!d}
 N - 5 potions of curing {!q!d}
 O - 9 potions of haste {!q!d}
 U - 17 potions of mutation {!d}
 V - 6 potions of cancellation {!q!d}
Miscellaneous
 b - a condenser vane
 e - a phial of floods
 i - a box of beasts
 o - a phantom mirror


   Skills:
 * Level 16.1 Fighting
 - Level 26.0 Crossbows
 - Level 5.0 Armour
 * Level 17.1 Dodging
 - Level 8.0 Stealth
 - Level 13.0 Spellcasting
 - Level 20.0 Hexes
 - Level 11.2 Summonings
 - Level 21.3 Translocations
 - Level 9.0 Invocations


You had 6 spell levels left.
You knew the following spells:

 Your Spells              Type           Power      Damage    Failure   Level
a - Inner Flame           Hex/Fire       68%        N/A       1%          3
b - Cause Fear            Hex            48%        N/A       0%          4
c - Blink                 Tloc           100%       N/A       0%          2
d - Dispersal             Tloc           49%        N/A       1%          6
e - Discord               Hex            48%        N/A       4%          8
f - Disjunction           Tloc           49%        N/A       2%          8
g - Malign Gateway        Summ/Tloc      43%        N/A       2%          7
h - Enfeeble              Hex            48%        N/A       1%          7

Your spell library contained the following spells:

 Spells                   Type           Power      Damage    Failure   Level
 Apportation              Tloc           100%       N/A       0%          1
 Slow                     Hex            100%       N/A       0%          1
 Confusing Touch          Hex            96%        N/A       0%          3
 Gell's Gravitas          Tloc           99%        N/A       0%          3
 Lesser Beckoning         Tloc           99%        N/A       0%          3
 Portal Projectile        Hex/Tloc       100%       N/A       0%          3
 Teleport Other           Tloc           99%        N/A       0%          3
 Tukima's Dance           Hex            96%        N/A       0%          3
 Manifold Assault         Tloc           99%        N/A       0%          5
 Summon Small Mammal      Summ           100%       N/A       1%          1
 Call Imp                 Summ           72%        N/A       1%          2
 Ensorcelled Hibernation  Hex/Ice        100%       N/A       1%          2
 Dazzling Flash           Conj/Hex       100%       N/A       1%          3
 Fulminant Prism          Conj/Hex       34%        3d16      1%          4
 Iskenderun's Mystic Bla  Conj/Tloc      70%        2d14      1%          4
 Leda's Liquefaction      Hex/Erth       34%        N/A       1%          4
 Metabolic Englaciation   Hex/Ice        34%        N/A       1%          5
 Silence                  Hex/Air        34%        N/A       1%          5
 Summon Forest            Summ/Tloc      43%        N/A       1%          5
 Yara's Violent Unravell  Hex/Tmut       34%        3d14      1%          5
 Beastly Appendage        Tmut           38%        N/A       2%          1
 Magic Dart               Conj           76%        1d6       2%          1
 Necrotize                Necr           76%        1d7       2%          1
 Sandblast                Erth           38%        2d10      2%          1
 Sting                    Tmut/Pois      76%        1d6       2%          1
 Animate Armour           Summ/Erth      100%       N/A       2%          4
 Summon Lightning Spire   Summ/Air       52%        N/A       2%          4
 Passwall                 Tmut/Erth      15%        N/A       3%          2
 Poisonous Vapours        Pois/Air       38%        N/A       3%          2
 Scorch                   Fire           38%        2d7       3%          2
 Searing Ray              Conj           38%        2d5       3%          2
 Sublimation of Blood     Necr           19%        N/A       3%          2
 Wereblood                Tmut           19%        N/A       3%          2
 Summon Cactus Giant      Summ           36%        N/A       4%          6
 Conjure Flame            Conj/Fire      19%        6-21      8%          3
 Ignite Poison            Fire/Tmut/Pois 19%        N/A       8%          3
 Mephitic Cloud           Conj/Pois/Air  19%        N/A       8%          3
 Ozocubu's Armour         Ice            19%        N/A       8%          3
 Spider Form              Tmut/Pois      19%        N/A       8%          3
 Stone Arrow              Conj/Erth      38%        3d9       8%          3
 Vampiric Draining        Necr           19%        2d7       8%          3
 Animate Dead             Necr           19%        N/A       26%         4
 Corpse Rot               Necr/Pois/Air  19%        N/A       26%         4
 Flame Wave               Conj/Fire      19%        2d6       26%         4
 Olgreb's Toxic Radiance  Pois           19%        N/A       26%         4
 Sticky Flame             Conj/Fire      19%        2d4       26%         4
 Agony                    Necr           19%        N/A       56%         5
 Alistair's Intoxication  Tmut/Pois      12%        N/A       56%         5
 Blade Hands              Tmut           9%         N/A       56%         5
 Borgnjor's Vile Clutch   Necr/Erth      9%         N/A       56%         5
 Freezing Cloud           Conj/Ice/Air   9%         6-21      56%         5
 Irradiate                Conj/Tmut      9%         3d16      56%         5
 Lee's Rapid Deconstruct  Erth           9%         3d8*      56%         5
 Eringya's Noxious Bog    Tmut/Pois      9%         N/A       98%         6
 Simulacrum               Ice/Necr       9%         N/A       98%         6
 Starburst                Conj/Fire      9%         6d5       98%         6
 Statue Form              Tmut/Erth      12%        N/A       98%         6
 Summon Hydra             Summ           36%        N/A       22%         7
 Dragon Form              Tmut           9%         N/A       100%        7
 Ozocubu's Refrigeration  Ice            9%         4d6       100%        7
 Storm Form               Tmut/Air       9%         N/A       100%        7
 Borgnjor's Revivificati  Necr           9%         N/A       100%        8
 Ignition                 Fire           9%         3d5       100%        8
 Infestation              Necr           9%         N/A       100%        8
 Maxwell's Capacitive Co  Air            9%         ∞         100%        8
 Necromutation            Tmut/Necr      9%         N/A       100%        8
 Chain Lightning          Conj/Air       9%         3d12      100%        9
 Death's Door             Necr           9%         N/A       100%        9
 Fire Storm               Conj/Fire      9%         8d3       100%        9
 Shatter                  Erth           9%         3d11*     100%        9


Dungeon Overview and Level Annotations

Branches:
Dungeon (15/15) Zot: 25207  Temple (1/1) D:6 Zot: 5790    Lair (6/6) D:8 Zot: 22223
  Swamp (4/4) Lair:3 Zot: 20005  Spider (4/4) Lair:3 Zot: 19030   Slime (0/5) Lair:6
    Orc (2/2) D:9 Zot: 9219     Elf (3/3) Orc:2 Zot: 13848  Vaults (5/5) D:14 Zot: 19273
  Crypt (1/3) Vaults:2 Zot: 5917  Depths (4/4) D:15 Zot: 17957     Zot (0/5) Depths:4
  Sewer (visited)           IceCv (visited)          WizLab (visited)

Altars:
Ashenzari
Cheibriados
Dithmenos
Elyvilon
Fedhas
Gozag
Hepliaklqana
Kikubaaqudgha
Makhleb
Nemelex Xobeh
Okawaru
Qazlal
Ru
Sif Muna
Trog
Uskayaw
Vehumet
Wu Jian
Xom
Yredelemnul
Zin
The Shining One
Beogh

Shops:
D:2 (   D:3 (   D:7 !   D:9 [   D:14 *   D:15 *   Orc:1 [*   Orc:2 ((([
Elf:1 (   Vaults:2 !   Vaults:4 (?::   Depths:3 :=:

Portals:
Hell: Depths:2 Depths:3 Depths:4
Abyss: Depths:2 Depths:3
Pandemonium: Depths:2
Ziggurat: Depths:1

Annotations:
D:3 3 runed translucent doors, exclusion: centaur, DocClef's ghost, amateur TeSu
D:8 Maggie
D:12 Jorgrun
Lair:6 Nessos
Elf:1 1 runed translucent door


Innate Abilities, Weirdness & Mutations

Your life essence is reduced to manifest your ancestor. (-10% HP)
You are small and have problems with some larger weapons.
You are completely attuned to the shadows.


Message History

Hoid hits the sun demon with a +0 broad axe of speed!
You radiate an aura of cold.
The sun demon seems to slow down. x2
The balrug resists.
The sun demon seems to slow down.
Hoid is unaffected.
The balrug seems to slow down.
The smoke demon resists.
Hoid hits the sun demon with a +0 broad axe of speed!
The balrug hits you with a +1 demon whip of venom!
You are engulfed in flames!
You resist. You block the sun demon's attack.
Hoid blocks the sun demon's attack.
Hoid misses the sun demon.
You climb downwards.
There is a stone staircase leading up here.
Hoid is recalled.
The balrug barely misses you. The sun demon closely misses you.
The balrug drinks a potion.
The balrug seems to grow stronger.
Casting: Dispersal (safe; 1% risk of failure)
Press: ? - help, Dir - look around, f - activate Hoid blinks!
The sun demon blinks!
The sun demon appears confused.
The sun demon disappears!
The balrug blinks!
Hoid blinks!
Hoid appears confused.
Hoid blinks!
The balrug hits you with a +1 demon whip of venom!
You are engulfed in flames!
You resist.
Okay, then.
Okay, then.
Really quaff
N - 6 potions of curing {!q!d}?
You feel better. The balrug completely misses you.
You blink.
The sun demon is no longer moving slowly.
The sun demon closely misses you.
Hoid is recalled.
The balrug gestures at you.
The fireball explodes!
The fireball engulfs you!! You resist.
* * * LOW HITPOINT WARNING * * *
The fireball engulfs the sun demon.
The sun demon completely resists.
You block the sun demon's attack.
You swap places.
The balrug hits you with a +1 demon whip of venom!!
* * * LOW HITPOINT WARNING * * *
You are engulfed in flames!
You resist.
You die...

#.#.....# #...##..#
#### ####..#...#
...######..#..#...#
......#....####.[.#
###.......##......#
.####..)..##..<.3##
.## ##.....##...R.#
..# #####..###2@##
.## ##..##.##..#
..## #...#...#..#
...# #...#......#
#..# ##.(..#....#
..## ##..###...#
..## #### ##.##
...# ### #..#


You could see the friendly Hoid the knight (confused), a balrug (strong, ally
target) and a sun demon (confused).

Vanquished Creatures
  Mara (Depths:2)
  Xtahua (Vaults:4)
  Parghit (Depths:4)
  A tentacled monstrosity (Depths:2)
  2 deep elf blademasters (Elf:3)
  A sphinx (Depths:2)
  2 tengu reavers
  2 shadow dragons (Vaults:5)
  5 fire giants
  2 storm dragons
  3 deep elf sorcerers
  9 vault wardens
  2 emperor scorpions (Spider:4)
  An iron dragon (Depths:3)
  3 frost giants
  A draconian stormcaller (Depths:4)
  2 stone giants (Depths:2)
  5 ironbound preservers
  3 war gargoyles
  An ironbound thunderhulk (Vaults:3)
  7 very ugly things
  3 deep elf demonologists
  2 spark wasps
  3 deep elf annihilators (Elf:3)
  A yellow draconian (Depths:4)
  5 deep elf death magi
  4 ettins
  A bunyip (Swamp:3)
  3 great orbs of eyes
  6 deep elf high priests
  6 fire dragons
  5 yaktaur captains
  3 boulder beetles
  2 vault guards (Vaults:5)
  Erolcha (D:13)
  A peacekeeper (Vaults:4)
  A boulder beetle (shapeshifter) (D:14)
  5 ironbound frosthearts
  A caustic shrike simulacrum (Depths:4)
  7 ice dragons
  A juggernaut simulacrum (Depths:4)
  3 rakshasas
  2 jorogumos
  4 centaur warriors
  6 hydras
  4 ogre magi
  A radroach (Spider:1)
  13 dancing weapons
  12 two-headed ogres
  An anaconda (D:13)
  A death yak (Lair:3)
  7 alligators
  A vampire mage (Depths:2)
  2 deep troll earth magi (Depths:4)
  8 spriggan berserkers
  4 hell knights (Depths:2)
  An orc high priest (Orc:1)
  An iron troll (Depths:4)
  A pharaoh ant (Spider:4)
  8 deep elf knights
  A salamander mystic (Depths:2)
  A sun moth (Spider:3)
  14 deep trolls
  4 goliath frogs
  3 steelbarb worms
  A spriggan druid (Swamp:3)
  7 orb spiders
  2 swamp dragons
  2 glowing orange brains
  3 wizards
  2 orc knights
  8 ironbound convokers
  2 lindwurms (Vaults:4)
  2 phantasmal warriors
  3 necromancers
  A wolf spider (shapeshifter) (Vaults:5)
  18 ugly things
  20 deep elf zephyrmancers
  A human zombie (Vaults:2)
  19 deep elf pyromancers
  A tengu zombie (Vaults:2)
  A mana viper (WizLab)
  13 wolf spiders
  2 oklob plants (Lair:3)
  A harpy (shapeshifter) (Vaults:5)
  3 will-o-the-wisps
  3 cyclopes
  5 orc sorcerers
  A manticore (D:10)
  4 moths of wrath
  A salamander (Depths:2)
  An ice statue (Vaults:4)
  3 smoke demons
  6 vault sentinels
  4 elephants
  An eye of devastation (Depths:1)
  A gargoyle (D:10)
  A storm dragon simulacrum (Vaults:3)
  4 black mambas
  3 torpor snails
  4 cane toads
  2 demonic crawlers
  11 rime drakes
  11 yaktaurs
  5 komodo dragons
  4 tengu conjurers
  9 hornets
  4 meliai (Spider:3)
  2 trolls (shapeshifter) (D:14)
  7 polar bears (IceCv)
  5 trolls
  2 tyrant leeches
  A tengu simulacrum (Depths:4)
  17 tarantellas
  13 slime creatures
  5 dream sheep
  14 jumping spiders
  8 culicivoras
  12 spriggans
  4 air elementals
  2 elf simulacra
  4 water elementals
  3 wyverns
  3 wraiths
  A basilisk (D:8)
  7 fire elementals
  28 yaks
  Eustachio (D:5)
  4 vampire mosquitoes
  A basilisk (shapeshifter) (Elf:2)
  32 redbacks
  A redback (shapeshifter) (Vaults:5)
  12 swamp worms
  Menkaure (D:7)
  2 acid dragons
  4 wargs
  2 hell hounds (Spider:1)
  10 water moccasins
  2 floating eyes (Depths:1)
  14 orc warriors
  3 swamp drakes
  An ice beast (D:6)
  3 black bears
  A sky beast (D:8)
  16 wolves
  4 boggarts
  14 ogres
  2 phantoms
  2 centaurs
  A human skeleton (Vaults:3)
  4 kobold brigands
  7 bullfrogs
  A necrophage (D:7)
  A scorpion (shapeshifter) (Vaults:5)
  2 earth elementals (Elf:1)
  2 electric eels
  6 howler monkeys
  A hound (D:5)
  7 orc priests
  3 iguanas
  11 orc wizards
  6 gnolls
  4 river rats
  11 adders
  A shadow imp (D:7)
  3 white imps
  2 ufetubi
  5 worms
  6 dart slugs
  63 orcs
  9 ball pythons
  6 endoplasms
  2 giant cockroaches
  11 goblins
  8 hobgoblins
  16 jackals
  7 quokkas
  6 bats
  4 frilled lizards
  20 kobolds
  11 rats
936 creatures vanquished.

Vanquished Creatures (collateral kills)
  2 dread liches (Vaults:4)
  2 juggernauts
  Sojobo (Depths:3)
  Josephina (Depths:4)
  Boris (twice) (Depths:3 Depths:4)
  the Lernaean hydra (Swamp:4)
  Saint Roka (Depths:3)
  A shard shrike (IceCv)
  3 golden dragons
  Nikola (Spider:4)
  Arachne (Spider:3)
  Rupert (Lair:3)
  5 tentacled monstrosities
  2 quicksilver dragons
  3 titans
  Asterion (Elf:3)
  A deep elf master archer (Elf:3)
  2 deep elf blademasters (Elf:3)
  A sphinx (Vaults:5)
  3 shadow dragons (Vaults:5)
  A storm dragon (Vaults:5)
  6 tengu reavers
  6 deep elf sorcerers (Elf:3)
  2 fire giants
  An iron dragon (Vaults:5)
  8 emperor scorpions
  19 vault wardens
  3 ghost moths
  10 frost giants
  An orc warlord (Vaults:3)
  Louise (Spider:1)
  3 ghouls (Swamp:3)
  A draconian shifter (Depths:4)
  6 deep elf elementalists
  4 ironbound thunderhulks
  2 broodmothers
  A spriggan defender (Depths:2)
  5 stone giants
  A quicksilver ooze (shapeshifter) (Vaults:5)
  11 ironbound preservers
  12 very ugly things
  3 eleionomae
  2 black draconians (Depths:4)
  A dire elephant (Vaults:1)
  Azrael (Spider:1)
  A spark wasp (Spider:3)
  2 entropy weavers
  4 bunyips
  7 deep elf annihilators
  A white draconian (IceCv)
  3 deep elf death magi
  A merfolk javelineer (Depths:2)
  An ettin (Depths:3)
  A shambling mangrove (Swamp:1)
  6 fire dragons
  7 yaktaur captains
  14 hydras
  A rakshasa (D:15)
  3 great orbs of eyes
  7 deep elf high priests
  4 ice dragons
  24 vault guards
  6 boulder beetles
  2 catoblepae (Lair:6)
  A ghost crab (Swamp:3)
  A jorogumo (Spider:3)
  A radroach (Spider:3)
  23 two-headed ogres
  7 ironbound frosthearts
  5 ogre magi
  5 spriggan air magi (Depths:4)
  8 centaur warriors
  A hell hog (Depths:2)
  2 alligators
  12 dancing weapons
  4 death yaks
  A tengu warrior (D:15)
  4 hell knights
  4 spriggan berserkers
  11 deep elf knights
  2 sun moths (Spider:4)
  2 goliath frogs (Swamp:1)
  A flayed ghost (Vaults:5)
  4 spriggan druids
  3 orb spiders
  A quicksilver dragon simulacrum (Depths:4)
  5 steelbarb worms
  A steelbarb worm (shapeshifter) (Orc:2)
  An obsidian statue (Vaults:1)
  14 deep trolls
  9 deep elf archers
  3 lindwurms
  An orb spider (shapeshifter) (Vaults:5)
  3 glowing orange brains
  11 ironbound convokers
  A wizard (Vaults:4)
  2 bog bodies
  2 orc knights (Vaults:3)
  15 swamp dragons
  An orange crystal statue (IceCv)
  10 deep elf pyromancers
  A harpy (Vaults:1)
  2 phantasmal warriors (Vaults:5)
  31 ugly things
  4 necromancers
  3 mana vipers (WizLab)
  10 deep elf zephyrmancers
  2 cyclopes
  4 will-o-the-wisps
  9 wolf spiders
  A human zombie (Vaults:3)
  A human skeleton (Vaults:2)
  A salamander (Depths:2)
  A stone giant skeleton (Vaults:3)
  11 elephants
  An ice statue (Swamp:4)
  8 vault sentinels
  4 black mambas
  A gargoyle (D:11)
  A storm dragon simulacrum (Depths:4)
  2 torpor snails
  14 cane toads
  11 rime drakes
  An unseen horror (shapeshifter) (Elf:2)
  An unseen horror (D:11)
  A yaktaur zombie (Vaults:1)
  2 freezing wraiths
  2 demonic crawlers
  4 komodo dragons
  9 yaktaurs
  A troll (D:13)
  A wind drake (shapeshifter) (D:15)
  2 meliai (Spider:3)
  7 tyrant leeches
  21 hornets
  14 polar bears
  8 slime creatures
  14 tarantellas
  A slime creature (shapeshifter) (D:13)
  A dream sheep (Lair:6)
  14 jumping spiders
  3 air elementals
  14 culicivoras
  22 spriggans
  An ettin skeleton (Vaults:1)
  2 water elementals (Depths:3)
  3 shadows
  3 wyverns
  38 yaks
  2 basilisks (Lair:2)
  A vampire (D:12)
  Grum (D:8)
  3 steam dragons
  29 redbacks
  4 vampire mosquitoes (Swamp:1)
  A swamp worm (shapeshifter) (D:15)
  A naga (D:14)
  A glowing shapeshifter zombie (Vaults:1)
  4 swamp worms
  A hell hound (Spider:1)
  An acid dragon (D:13)
  12 water moccasins
  A floating eye (Depths:1)
  9 orc warriors
  9 swamp drakes
  2 ice beasts (D:7)
  4 black bears
  A centaur (D:8)
  20 ogres
  15 boggarts
  14 wolves
  A kobold brigand (D:8)
  3 earth elementals
  16 bullfrogs
  A gnoll sergeant (D:12)
  4 howler monkeys
  An electric eel (D:8)
  6 orc priests
  A gnoll shaman (D:8)
  An iguana (D:7)
  11 orc wizards
  A gnoll (D:12)
  A white imp (Vaults:2)
  An ufetubus (Vaults:2)
  24 orcs
  A kobold (D:7)
945 creatures vanquished.

Vanquished Creatures (others)
  A deep elf master archer (Elf:3)
  An eldritch tentacle (Depths:2)
  2 fire giants
  A stone giant (Depths:2)
  A yaktaur captain (Vaults:2)
  9 vault guards (Vaults:5)
  2 centaur warriors
  An alligator (Swamp:3)
  A spriggan druid (Swamp:4)
  A vault sentinel (Vaults:4)
  5 yaktaurs
  A bloated husk (Swamp:1)
  A spriggan (Depths:4)
  A redback (Vaults:5)
  26 knights
  An ancestor (D:7)
  A bush (Lair:6)
  6 foxfires
  79 fungi
  120 plants
261 creatures vanquished.

Grand Total: 2142 creatures vanquished

Notes
Turn   | Place    | Note
-------+----------+-------------------------------------------
     0 | D:1      | buhh the Kobold Hunter began the quest for the Orb.
     0 | D:1      | Reached XP level 1. HP: 12/12 MP: 1/1
   111 | D:1      | Found a faded altar of an unknown god.
   181 | D:1      | Reached XP level 2. HP: 13/17 MP: 2/2
   658 | D:1      | Reached XP level 3. HP: 22/22 MP: 3/3
  1176 | D:2      | Reached XP level 4. HP: 24/27 MP: 4/4
  1394 | D:2      | Found Colo's Antique Weapon Emporium.
  1476 | D:2      | Found an opulent altar of Gozag.
  1929 | D:3      | Identified the +1 dagger "Puytigaf" {freeze, *Slow Dex+5}
  1954 | D:3      | Reached XP level 5. HP: 32/32 MP: 5/5
  2118 | D:3      | Found Waozumo's Antique Weapon Emporium.
  2181 | D:3      | Noticed a centaur
  2435 | D:3      | Found a basalt altar of Yredelemnul.
  2438 | D:3      | Found a shadowy altar of Dithmenos.
  2461 | D:3      | Found an opulent altar of Gozag.
  2491 | D:3      | Found a runed translucent gate.
  2491 | D:3      | Found a runed translucent gate.
  2491 | D:3      | Found a runed translucent gate.
  2592 | D:3      | Reached skill level 6 in Crossbows
  2620 | D:3      | Noticed DocClef's ghost (amateur TeSu)
  3067 | D:4      | Found a glowing drain.
  3088 | Sewer    | Entered a sewer
  3247 | Sewer    | Noticed a kobold brigand
  3305 | Sewer    | Reached XP level 6. HP: 38/38 MP: 6/6
  3568 | Sewer    | Reached skill level 7 in Crossbows
  3793 | Sewer    | Reached XP level 7. HP: 20/44 MP: 7/7
  4335 | D:4      | Noticed a wyvern
  4345 | D:4      | Killed a wyvern
  4346 | D:4      | Reached skill level 8 in Crossbows
  4688 | D:4      | Reached XP level 8. HP: 28/51 MP: 8/8
  5168 | D:5      | Entered Level 5 of the Dungeon
  5211 | D:5      | Noticed Eustachio
  5241 | D:5      | Killed Eustachio
  5242 | D:5      | Reached skill level 9 in Crossbows
  5886 | D:5      | Reached skill level 10 in Crossbows
  6243 | D:6      | Found a staircase to the Ecumenical Temple.
  6249 | Temple   | Entered the Ecumenical Temple
  6262 | Temple   | Became a worshipper of Hepliaklqana the Forgotten
  6650 | D:6      | Reached XP level 9. HP: 57/58 MP: 9/9
  7419 | D:6      | Reached * piety under Hepliaklqana
  8481 | D:7      | Found Ruyk Ruu's Distillery.
  8489 | D:7      | Bought a potion of degeneration for 11 gold pieces
  8489 | D:7      | Bought a potion of curing for 33 gold pieces
  8489 | D:7      | Bought a potion of heal wounds for 55 gold pieces
  8489 | D:7      | Bought a potion of cancellation for 88 gold pieces
  8489 | D:7      | Bought a potion of heal wounds for 55 gold pieces
  8489 | D:7      | Bought a potion of attraction for 33 gold pieces
  8489 | D:7      | Bought a potion of mutation for 88 gold pieces
  8515 | D:7      | Reached ** piety under Hepliaklqana
  8516 | D:7      | Remembered your ancestor Hoid as a knight
  8719 | D:7      | Noticed Menkaure
  9051 | D:8      | Noticed Grum
  9063 | D:8      | Killed Grum
  9064 | D:8      | Reached XP level 10. HP: 59/59 MP: 11/11
  9131 | D:8      | Noticed a cyclops
  9135 | D:8      | Killed a cyclops
  9140 | D:8      | Noticed a centaur warrior
  9319 | D:7      | Killed Menkaure
  9570 | D:8      | Killed a centaur warrior
  9621 | D:8      | Noticed a two-headed ogre
  9630 | D:8      | Killed a two-headed ogre
  9857 | D:8      | Reached XP level 11. HP: 17/64 MP: 13/15
 10391 | D:8      | Found a staircase to the Lair.
 10696 | D:8      | Noticed Maggie
 10726 | D:8      | Found an ornate altar of the Wu Jian Council.
 11349 | D:9      | Found a staircase to the Orcish Mines.
 11376 | D:9      | Found Momum's Armour Boutique.
 11601 | D:9      | Reached *** piety under Hepliaklqana
 12526 | D:10     | Entered Level 10 of the Dungeon
 12551 | D:10     | Noticed a manticore
 12634 | Lair:1   | Entered Level 1 of the Lair of Beasts
 12754 | Lair:1   | Noticed an elephant
 12777 | Lair:1   | Killed an elephant
 12908 | Lair:1   | Learned a level 3 spell: Inner Flame
 12913 | Lair:1   | Learned a level 4 spell: Cause Fear
 13445 | Lair:1   | Reached skill level 11 in Dodging
 13765 | Lair:1   | Reached **** piety under Hepliaklqana
 13799 | Lair:1   | Reached skill level 11 in Fighting
 14077 | Lair:1   | Reached XP level 12. HP: 71/72 MP: 16/18
 16605 | Lair:3   | Noticed a death yak
 17414 | D:9      | Bought a +0 pair of gloves for 58 gold pieces
 17518 | Lair:3   | Killed a death yak
 17518 | Lair:3   | Noticed a death yak
 17522 | Lair:3   | Killed a death yak
 17523 | Lair:3   | Reached XP level 13. HP: 79/79 MP: 11/19
 17664 | Lair:3   | Found a hazy altar of Hepliaklqana.
 18519 | Lair:3   | Noticed a four-headed hydra
 18607 | Lair:4   | Reached skill level 11 in Crossbows
 19146 | Lair:4   | Reached skill level 12 in Crossbows
 19575 | Lair:4   | Reached skill level 13 in Crossbows
 19927 | Lair:4   | Noticed an eight-headed hydra
 19935 | Lair:4   | Killed an eight-headed hydra
 20268 | Lair:5   | Identified a scroll of acquirement
 20378 | Lair:5   | Acquired 1093 gold pieces
 20827 | Lair:5   | Noticed a seven-headed hydra
 20832 | Lair:5   | Killed a seven-headed hydra
 20833 | Lair:5   | Reached skill level 14 in Crossbows
 20833 | Lair:5   | Reached XP level 14. HP: 86/86 MP: 15/20
 21381 | Lair:6   | Entered Level 6 of the Lair of Beasts
 22634 | Lair:6   | Reached skill level 15 in Crossbows
 23238 | Lair:6   | Reached skill level 15 in Dodging
 23763 | D:10     | Reached skill level 16 in Crossbows
 24516 | D:10     | Identified the +0 shortbow of Righteous Fury {vorpal, rElec
                  | Will+++ Str-5 Dex-4}
 24698 | D:10     | Identified the +1 pair of gloves "Jutsug" {rC+ Will+ Str+2
                  | Dex-3}
 24699 | D:10     | Found a burning altar of Makhleb.
 24714 | D:10     | Noticed a balrug
 26525 | D:12     | Reached XP level 15. HP: 90/90 MP: 12/21
 26576 | D:12     | Noticed a stone giant
 26583 | D:12     | Killed a stone giant
 26584 | D:12     | Reached skill level 15 in Fighting
 26620 | D:12     | Identified the +7 hand crossbow of the Iron City of Dis
                  | {vorpal, rC+ Dex+3}
 26906 | D:12     | Noticed Jorgrun
 27721 | D:13     | Reached XP level 16. HP: 97/97 MP: 21/25
 27722 | D:13     | Reached XP level 17. HP: 101/101 MP: 21/26
 27726 | D:13     | Learned a level 2 spell: Blink
 27894 | D:13     | Noticed Erolcha
 27902 | D:13     | Killed Erolcha
 29148 | Lair:3   | Found a hole to the Spider Nest.
 29309 | Lair:3   | Found a staircase to the Swamp.
 29680 | Lair:6   | Noticed Nessos
 30190 | Lair:6   | Found a staircase to the Slime Pits.
 30843 | Orc:1    | Entered Level 1 of the Orcish Mines
 31175 | Orc:1    | Found Edwiucki's Assorted Antiques.
 31189 | Orc:1    | Bought a scroll of teleportation for 93 gold pieces
 31189 | Orc:1    | Bought a scroll of summoning for 294 gold pieces
 31416 | Orc:2    | Entered Level 2 of the Orcish Mines
 31462 | Orc:2    | Paralysed by an ogre mage for 2 turns
 31786 | Orc:1    | Reached XP level 18. HP: 83/108 MP: 27/27
 32734 | Orc:2    | Found Yllyg's Antique Weapon Boutique.
 32734 | Orc:2    | Found Gopnymp's Weapon Emporium.
 32739 | Orc:2    | Found Untoyghe's Antique Weapon Emporium.
 32739 | Orc:2    | Found Ono Heoq's Armour Shop.
 32743 | Orc:2    | Bought a +0 arbalest for 63 gold pieces
 32744 | Orc:2    | Bought the +3 leather armour of Ashenzari's Approval {rElec
                  | Regen+} for 372 gold pieces
 32864 | Orc:2    | Found a staircase to the Elven Halls.
 33166 | Orc:2    | Bought a +0 helmet of intelligence for 138 gold pieces
 33890 | Orc:1    | Found Jeelem's Antique Armour Shop.
 33896 | Orc:1    | Bought an embroidered cloak for 127 gold pieces
 34101 | Spider:1 | Entered Level 1 of the Spider Nest
 34114 | Spider:1 | Noticed Rupert
 34206 | Swamp:1  | Entered Level 1 of the Swamp
 34221 | Swamp:1  | Reached skill level 11 in Hexes
 36591 | Swamp:4  | Entered Level 4 of the Swamp
 36604 | Swamp:4  | Reached XP level 19. HP: 112/112 MP: 28/28
 36604 | Swamp:4  | Acquired 490 gold pieces
 36677 | Swamp:4  | Found a frozen archway.
 36689 | IceCv    | Entered an ice cave
 37141 | IceCv    | Reached skill level 11 in Translocations
 37319 | IceCv    | Noticed a shard shrike
 37345 | IceCv    | Killed a shard shrike
 37433 | IceCv    | Got the Handbook of the Compass
 38556 | Swamp:4  | Noticed the 27-headed Lernaean hydra
 38559 | Swamp:4  | Killed the 25-headed Lernaean hydra
 38946 | Swamp:4  | Got a decaying rune of Zot
 39465 | D:14     | Found Doanach's Serpentskin Sales.
 39469 | D:14     | Bought a scroll of poison for 49 gold pieces
 39852 | D:14     | Found a gate to the Vaults.
 39996 | D:15     | Entered Level 15 of the Dungeon
 40027 | D:15     | Reached skill level 15 in Hexes
 40211 | D:15     | Reached XP level 20. HP: 104/117 MP: 23/29
 40506 | D:15     | Found a staircase to the Depths.
 40537 | D:15     | Found Zitzurphy's Assorted Antiques.
 40543 | D:15     | Bought a scroll of teleportation for 111 gold pieces
 40543 | D:15     | Bought a scroll of fear for 129 gold pieces
 40965 | Vaults:1 | Entered Level 1 of the Vaults
 41301 | Vaults:1 | Got the Almanac of Curses and the Compass
 41310 | Vaults:1 | Identified the +0 chain mail of Entitlement {-Cast *Slow
                  | rC++ Will+ SInv}
 41385 | Vaults:1 | Reached ***** piety under Hepliaklqana
 43146 | Vaults:2 | Found Botseq's Distillery.
 43151 | Vaults:2 | Bought a potion of curing for 66 gold pieces
 43151 | Vaults:2 | Bought a potion of brilliance for 88 gold pieces
 43151 | Vaults:2 | Bought a potion of resistance for 220 gold pieces
 43178 | Vaults:2 | Found a staircase to the Crypt.
 43211 | Vaults:2 | Reached skill level 15 in Translocations
 43241 | Vaults:2 | Reached XP level 21. HP: 117/122 MP: 26/33
 44088 | Vaults:2 | Learned a level 6 spell: Dispersal
 44097 | Vaults:2 | Learned a level 8 spell: Discord
 44188 | Vaults:2 | Identified the +2 pair of boots of Equump {Drain Int+5
                  | Slay+2}
 44803 | Vaults:3 | Found a magical portal.
 44824 | WizLab   | Entered Yara's Duelist Academy
 45079 | WizLab   | Noticed Zesafi
 45361 | Vaults:3 | You fall into a shaft and drop 1 floor!
 45835 | Vaults:4 | Found Plog's Magic Scroll Boutique.
 45840 | Vaults:4 | Bought a scroll of acquirement for 832 gold pieces
 45840 | Vaults:4 | Bought a scroll of acquirement for 832 gold pieces
 45886 | Vaults:4 | Acquired a +5 vorpal triple crossbow
 45890 | Vaults:4 | Acquired Nieghel's Handbook of Dislocation and Toxins
 45911 | Vaults:4 | Found a gateway to a bazaar.
 45972 | Bazaar   | Entered a bazaar
 45975 | Bazaar   | Found Hagefud's Antique Armour Boutique.
 45986 | Bazaar   | Found Zugy's Weapon Emporium.
 45997 | Bazaar   | Found Jicsujus's Distillery.
 46008 | Bazaar   | Found Huzxauts's General Store.
 46013 | Bazaar   | Bought a +0 cloak of preservation for 126 gold pieces
 46035 | Bazaar   | Bought a potion of resistance for 70 gold pieces
 46035 | Bazaar   | Bought a potion of cancellation for 56 gold pieces
 46035 | Bazaar   | Bought a potion of cancellation for 56 gold pieces
 46035 | Bazaar   | Bought a potion of mutation for 56 gold pieces
 46035 | Bazaar   | Bought a potion of might for 28 gold pieces
 46035 | Bazaar   | Bought a potion of curing for 21 gold pieces
 46035 | Bazaar   | Bought a potion of curing for 21 gold pieces
 46167 | Vaults:4 | Noticed a golden dragon
 46695 | Vaults:4 | Found Vionez's Weapon Emporium.
 46852 | Vaults:4 | Noticed Xtahua
 46860 | Vaults:4 | Killed Xtahua
 47022 | Vaults:4 | Found Tyliaciu's Book Boutique.
 47036 | Vaults:4 | Found Zeaph's Book Emporium.
 47422 | Vaults:3 | Reached skill level 11 in Spellcasting
 47442 | Vaults:3 | Reached skill level 18 in Hexes
 47442 | Vaults:3 | Reached XP level 22. HP: 108/127 MP: 29/37
 48174 | Vaults:3 | Identified the +1 cloak "Wueqoucw" {-Tele Harm rPois Dex+4}
 48710 | Elf:1    | Entered Level 1 of the Elven Halls
 48732 | Elf:1    | Found Kiaj's Weapon Shoppe.
 48773 | Elf:1    | Paralysed by an air elemental for 1 turns
 48934 | Elf:1    | Found a runed translucent door.
 49998 | Lair:3   | Killed Rupert
 50028 | Spider:1 | Noticed Azrael
 50032 | Spider:1 | Killed Azrael
 51133 | Spider:1 | Noticed Louise
 51139 | Spider:1 | Killed Louise
 52494 | Spider:3 | Noticed Arachne
 52508 | Spider:3 | Killed Arachne
 52509 | Spider:3 | Reached XP level 23. HP: 132/132 MP: 39/39
 53458 | Spider:3 | Identified the +1 robe "Noahymn" {rPois rCorr Int-2 Dex+2}
 53667 | Spider:4 | Entered Level 4 of the Spider Nest
 53676 | Spider:4 | Noticed Nikola
 53687 | Spider:4 | Killed Nikola
 53688 | Spider:4 | Reached skill level 18 in Translocations
 54693 | Spider:4 | Got a gossamer rune of Zot
 54976 | Lair:1   | Learned a level 8 spell: Disjunction
 54984 | Lair:1   | Learned a level 7 spell: Malign Gateway
 55782 | Elf:2    | Got the Volume of Curses
 56092 | Elf:2    | Found a runed translucent gate.
 56092 | Elf:2    | Found a runed translucent gate.
 56092 | Elf:2    | Found a runed translucent gate.
 56327 | Elf:3    | Entered Level 3 of the Elven Halls
 56442 | Elf:3    | Reached skill level 17 in Crossbows
 56645 | Elf:3    | Reached XP level 24. HP: 120/136 MP: 40/40
 56948 | Elf:3    | Reached skill level 18 in Crossbows
 56954 | Elf:3    | Noticed Asterion
 56958 | Elf:3    | Killed Asterion
 57591 | Elf:3    | Got Labrar's Incunabulum of Creation and Unholy Rituals
 57617 | Elf:3    | Identified the +5 mace "Yseju" {freeze, rElec rC+ Str-3}
 57629 | Elf:3    | Identified the +6 demon blade of Defiance {flame, Fly rPois
                  | Int-3 SInv}
 57629 | Elf:3    | Identified the +0 chain mail "Jenwovvi" {rElec rPois Will+
                  | Int-3}
 57681 | Elf:3    | Found the +3 giant club "Skullcrusher" {speed, Str+7}
 57725 | Elf:3    | Identified the +1 chain mail of Nalioz {Regen+ Str+4 Dex+7}
 57817 | Elf:2    | Learned a level 7 spell: Enfeeble
 57894 | Elf:2    | Reached skill level 19 in Crossbows
 58728 | Crypt:1  | Entered Level 1 of the Crypt
 58873 | Vaults:5 | Entered Level 5 of the Vaults
 58882 | Vaults:5 | Reached skill level 20 in Crossbows
 59256 | Vaults:4 | Reached skill level 21 in Crossbows
 59939 | Vaults:5 | Reached skill level 22 in Crossbows
 59952 | Vaults:5 | Reached XP level 25. HP: 113/141 MP: 9/40
 60102 | Vaults:5 | Identified the +3 quarterstaff of the Five Nights {protect,
                  | rElec rN+++ Int-5 SInv}
 60144 | Vaults:5 | Noticed a dread lich
 60148 | Vaults:5 | Noticed a dread lich
 60233 | Vaults:4 | Killed a dread lich
 60237 | Vaults:4 | Killed a dread lich
 60334 | Vaults:5 | Reached skill level 23 in Crossbows
 60486 | Vaults:5 | Got the Grimoire of the Dislocated Frostbite
 60701 | Vaults:5 | Identified the +1 double sword of the Abyss {venom, Str+3}
 60928 | Vaults:5 | Reached skill level 24 in Crossbows
 61421 | Vaults:5 | Identified the +11 flail "Ihoel" {vorpal, rN+}
 61543 | Vaults:5 | Identified the ring "Nexzab" {rPois rF+ Str+3 Int+3}
 61858 | Vaults:5 | Got a silver rune of Zot
 61899 | Vaults:5 | Identified the +1 leather armour of Beloss {rElec Regen+}
 62318 | Depths:1 | Entered Level 1 of the Depths
 62417 | Depths:1 | Noticed a juggernaut
 62424 | Depths:1 | Killed a juggernaut
 62590 | Depths:1 | Found a one-way gateway to a ziggurat.
 62620 | Depths:1 | Reached skill level 25 in Crossbows
 62890 | Depths:1 | You fall into a shaft and drop 1 floor!
 62919 | Depths:2 | Found a one-way gate leading to the halls of Pandemonium.
 63063 | Depths:2 | Found a one-way gate to the infinite horrors of the Abyss.
 63425 | Depths:2 | Noticed a juggernaut
 63437 | Depths:2 | Killed a juggernaut
 63438 | Depths:2 | Reached skill level 26 in Crossbows
 63697 | Depths:2 | Reached XP level 26. HP: 122/146 MP: 40/40
 63734 | Depths:2 | Noticed Mara
 63741 | Depths:2 | Killed Mara
 64872 | Depths:2 | Found a gateway to Hell.
 64905 | Depths:3 | Found a bloodstained altar of Trog.
 64906 | Depths:3 | Noticed Sojobo
 64916 | Depths:3 | Killed Sojobo
 65169 | Depths:3 | Noticed Boris
 65179 | Depths:3 | Killed Boris
 65326 | Depths:3 | Noticed Saint Roka
 65334 | Depths:3 | Killed Saint Roka
 65336 | Depths:3 | Identified the +4 great mace of buhh's Uncertain Death
                  | {drain, SInv}
 65671 | Depths:3 | Found Ylelu's Book Emporium.
 65671 | Depths:3 | Found Lecets's Book Emporium.
 65672 | Depths:3 | Found Estruschad's Jewellery Shop.
 65680 | Depths:3 | Bought a manual of Translocations for 1440 gold pieces
 66539 | Depths:4 | Entered Level 4 of the Depths
 66581 | Depths:4 | Noticed Parghit
 66845 | Depths:4 | Noticed Boris
 66854 | Depths:4 | Killed Boris
 66961 | Depths:4 | Killed Parghit
 66976 | Depths:4 | Found a flickering gateway to a bazaar.
 66982 | Bazaar   | Entered a bazaar
 66982 | Bazaar   | Found the +4 skin of Zhor {*Englaciate rC+++ SInv}
 66982 | Bazaar   | Found Fuott's Antique Armour Boutique.
 66982 | Bazaar   | Found Vybaonku's Weapon Shop.
 66982 | Bazaar   | Found Vuoshrick's Armour Shop.
 67024 | Bazaar   | Bought a wizard robe for 79 gold pieces
 67024 | Bazaar   | Identified the +2 robe of the Bard {rElec Int-5 Slay+6
                  | Archmagi} (You bought it in a shop in a bazaar)
 67454 | Depths:4 | Found a broken altar of Ashenzari.
 67494 | Depths:4 | Reached skill level 11 in Summonings
 67547 | Depths:4 | Found a gate to the Realm of Zot.
 68051 | Depths:4 | Identified the ring "Reyderch" {Ice rCorr SInv}
 68051 | Depths:4 | Noticed Josephina
 68059 | Depths:4 | Killed Josephina
 68441 | Depths:4 | Slain by a balrug

Illustrated notes

Levels and vault maps discovered:
D:1:      noname_arrival_rooms_in_the_neighbourhood, layout_basic,
          ebering_ecumenical_altar_webs, dreamdust_princess_corridor,
          minmay_quantized
D:2:      layout_basic, basic_altar, serial_shops, shop
D:3:      layout_basic, mainiacjoe_overflow_alcove_1, jmf_multi_god_temple,
          serial_shops, shop, gammafunk_ghost_split, minmay_unequal
D:4:      layout_loops_ring, gup_sewer_entry_bubbles, minmay_misc_feat_pillars
D:5:      layout_loops_ring, uniq_eustachio
D:6:      layout_basic, minmay_temple_entry_enclosed_plants
D:7:      layout_basic, serial_shops, shop, uniq_menkaure
D:8:      nzn_winding_woodlands_small
          [nzn_winding_woodlands_5x15_river_crossing,
          nzn_winding_woodlands_center_garden,
          nzn_winding_woodlands_5x15_cabin], layout_loops_ring,
          nicolae_wu_jian_wuxing_cycle, david_lair_generic,
          nicolae_figureground_pulse, uniq_grum, uniq_maggie
D:9:      layout_gridville, orc_david_3
D:10:     layout_basic, makhleb_altar_promises_db
D:11:     layout_rooms
D:12:     hangedman_cross_veins, layout_loops_ring, serial_glass,
          glass_columns_a, glass_columns_b, uniq_jorgrun
D:13:     layout_loops_ring, uniq_erolcha
D:14:     layout_big_octagon, david_vaults_2, hellmonk_bongcloud_opening,
          guppyfry_shop_venom
D:15:     gammafunk_enter_depths_forms, layout_loops_ring, abandoned_shop,
          serial_shops, shop
Temple:   bh_familiar_temple
Lair:1:   layout_regular_city, wad_woods_river_01
Lair:2:   layout_gridlike
Lair:3:   minmay_lair_oklob_chamber, layout_concentric_octagons,
          palyth_hydra_swamp_entry, nicolae_spider_entry_orb_guardian,
          basic_altar, beast_lair_carwin_6
Lair:4:   layout_loops_ring, nicolae_lair_lindhole, infiniplex_staircase_pool_2
Lair:5:   layout_cave_pods, st_stairs_13, minivault_19,
          grunt_forest_stairs_basic
Lair:6:   minmay_lair_end_enchanted_forest, layout_cave_pods, slime_entry_1,
          st_stairs_5, serial_bayou_shore_b, serial_bayou_shore_b, uniq_nessos
Swamp:1:  layout_basic_swamp, evilmike_swamp_ruin_house_3
Swamp:2:  layout_basic_swamp, serial_swamp_ruin, evilmike_swamp_ruin_house_6,
          evilmike_swamp_ruin_house_1, evilmike_swamp_ruin_house_4, swamp_pool1
Swamp:3:  layout_falls_marsh, evilmike_swamp_ruin_wall
Swamp:4:  swamp_old_school, layout_basic_swamp,
          portal_ice_cave_entry_ice_statue_one, swamp_pool5
Spider:1: layout_spider_delve, drop_trap, spiders_nest_spider_trap, uniq_louise,
          uniq_rupert, uniq_azrael
Spider:2: layout_spider_delve, nicolae_spider_circle_web
Spider:3: layout_chambers, hellmonk_motheaten_closet, uniq_arachne
Spider:4: spider_rune_water, drop_trap, uniq_nikola
Orc:1:    layout_caves, serial_shops, nicolae_shop_statue_plus,
          nicolae_shop_stone, minmay_orc_temple_c
Orc:2:    st_orc_ogre_mass, layout_caves
Elf:1:    minmay_the_grid_triangle_9x9_rhombus_full_mashed
          [minmay_the_grid_triangle_9x9_limited_checkers,
          minmay_the_grid_triangle_9x9_odd_lines,
          minmay_the_grid_triangle_9x9_longest,
          minmay_the_grid_triangle_9x9_descending_squares,
          minmay_the_grid_triangle_9x9_cache,
          minmay_the_grid_triangle_9x9_skeleton,
          minmay_the_grid_triangle_9x9_subtriangle,
          minmay_the_grid_triangle_9x9_prize_schism], layout_geoelf_grid,
          serial_shops, nicolae_shop_statue_plus, hangedman_elf_represent,
          columned_hall_lemuel
Elf:2:    nicolae_elf_blades_splatter_lattice
          [nicolae_blade_entry_area_security], layout_loops_cross,
          ebering_dispersal_statue_hall, dilly_guarded_unrand_elemental_staff
Elf:3:    minmay_elf_hall_hex, layout_geoelf_octagon, uniq_asterion
Vaults:1: vaults_room_grunt_arrival_ludios, v_misc_31,
          ontoclasm_vaults_ligature, v_misc_18, nicolae_vaults_statue_guard,
          vaults_dpeg_hooks, ontoclasm_vaults_chip, dpeg_vaults_monster_box,
          vaults_room_pools, layout_vaults_quadrants
Vaults:2: nicolae_vaults_mini_display_case, nicolae_vaults_yaktaur_gun_rack,
          ontoclasm_vaults_decontamination, nicolae_vaults_border_crossing,
          serial_ice_b, ontoclasm_vaults_misaligned, layout_vaults_big_room,
          serial_shops, nicolae_diamond_shop
Vaults:3: lightli_enter_wizlab_magi_temple, ontoclasm_vaults_gateway,
          hangedman_vaults_impose, v_misc_16, hangedman_vaults_pinch,
          hangedman_vaults_slice, v_misc_17, nicolae_vaults_ninety_degrees,
          v_pattern_5, ontoclasm_vaults_fault, nicolae_vaults_big_angled_halls,
          ontoclasm_vaults_bender, v_alt_pattern_5, vaults_dpeg_encased_lava,
          layout_vaults_maze_bifur
Vaults:4: ontoclasm_vaults_pinch, v_rooms_5, hangedman_vaults_trim,
          nicolae_vaults_little_squares_1, v_misc_1,
          nicolae_vaults_specimen_jars, nicolae_vaults_network_periphery,
          nicolae_vaults_ring_of_whatevers, nicolae_vaults_sealed_display,
          hangedman_vaults_cutoff, nicolae_vaults_little_squares_1,
          vaults_dpeg_ring, vaults_room_stairs_pillars, layout_vaults_omnicross,
          serial_shops, statue_bzr, shop_fountains, nicolae_shop_trees,
          shop_scrolls, shop, uniq_xtahua
Vaults:5
Crypt:1:  layout_rooms, nicolae_crypt_little_mausoleum, lemuel_upstairs_altar,
          roderic_lattice_octagonal_star, grunt_crypt_arrival_webbed, uniq_vv,
          uniq_khufu
Depths:1: layout_forbidden_donut, enter_ziggurat_c, roderic_serpentine_path,
          lightli_too_deep, minmay_statues_item, fedhas_altar_1,
          grunt_megastairs_2, hangedman_decor_cross_pass
Depths:2: hangedman_stitches_corridor, layout_gridlike, abyss_entry,
          hellmouth_1, pan_entry, uniq_mara
Depths:3: cheibrodos_quadrivalence, layout_honeycomb, bloody_trog,
          grunt_hell_entry_dis_old, abyss_entry_glasseish, serial_bayou_shore_b,
          minmay_staircase_bubble, minmay_shop_grove, kennysheep_random_hallway,
          uniq_boris, uniq_sojobo, uniq_saint_roka
Depths:4: evilmike_zot_entry_diamond, layout_twisted_cross, hell_entry,
          cheibrodos_ashenzari_chains, serial_shops, bzr_entry_safe,
          minmay_misc_feat_secret_circle, serial_bayou_shore_b,
          grunt_megastairs_1, uniq_josephina, uniq_margery, uniq_parghit

Skill      XL: |  1  2  3  4  5  6  7  8  9 10 11 12 13 14 15 16 17 18 19 20 21 22 23 24 25 26 |
---------------+-------------------------------------------------------------------------------+-----
Stealth        | 2 3 4 5 7 8 |  8.0
Dodging        | 3 4 7 9 11 12 14 15 16 17 | 17.1
Fighting       | 3 4 6 7 9 10 11 13 14 15 16 | 16.1
Crossbows      | 6 7 8 10 14 16 17 22 26 | 26.0
Invocations    | 1 5 8 9 |  9.0
Hexes          | 3 5 7 9 12 15 16 18 19 20 | 20.0
Armour         | 3 4 5 |  5.0
Spellcasting   | 6 8 11 12 13 | 13.0
Translocations | 5 10 13 15 16 17 19 20 21 | 21.3
Summonings     | 4 11 | 11.2

Action                   |  1- 3 |  4- 6 |  7- 9 | 10-12 | 13-15 | 16-18 | 19-21 | 22-24 | 25-27 || total
-------------------------+-------+-------+-------+-------+-------+-------+-------+-------+-------++-------
Melee: Arbalest          |       |       |       |       |       |     1 |       |     1 |       ||     2
 Fire: Hand crossbow     |    77 |   271 |   401 |   551 |   773 |   748 |   547 |       |       ||  3368
       Arbalest          |       |       |       |       |       |    41 |   619 |  1078 |   171 ||  1909
       Triple crossbow   |       |       |       |       |       |       |       |       |   463 ||   463
 Cast: Cause Fear        |       |       |       |       |       |    13 |     7 |     6 |       ||    26
       Inner Flame       |       |       |       |       |       |     1 |       |       |       ||     1
       Dispersal         |       |       |       |       |       |       |     6 |    24 |     2 ||    32
       Discord           |       |       |       |       |       |       |       |     6 |     1 ||     7
       Enfeeble          |       |       |       |       |       |       |       |    15 |    45 ||    60
       Disjunction       |       |       |       |       |       |       |       |     3 |     1 ||     4
       Blink             |       |       |       |       |       |       |       |       |     1 ||     1
       Malign Gateway    |       |       |       |       |       |       |       |       |     1 ||     1
Invok: Ancestor Life: Kn |       |       |     1 |       |       |       |       |       |       ||     1
       Recall Ancestor   |       |       |       |     8 |    12 |     4 |     4 |     6 |     7 ||    41
       Ancestor Identity |       |       |       |     1 |       |       |       |       |       ||     1
       Idealise          |       |       |       |     2 |    11 |     6 |    13 |     9 |     8 ||    49
       Transference      |       |       |       |       |     2 |     1 |     2 |     1 |     1 ||     7
Evoke: Wand              |       |       |       |     3 |     6 |     3 |     8 |     1 |     1 ||    22
       Box of beasts     |       |       |       |     1 |       |       |       |     1 |       ||     2
       Phial of floods   |       |       |       |       |       |       |     1 |     2 |       ||     3
       Phantom mirror    |       |       |       |       |       |       |     1 |     1 |       ||     2
       Condenser vane    |       |       |       |       |       |       |     1 |     1 |       ||     2
  Use: Scroll            |       |     1 |     5 |    12 |    12 |    17 |    19 |    10 |     3 ||    79
       Potion            |       |       |       |     7 |     5 |     6 |     4 |    13 |     2 ||    37
Armor: Leather armour    |     6 |    51 |    60 |    32 |    29 |    32 |   170 |   191 |    50 ||   621
       Robe              |       |       |       |       |     1 |    13 |       |       |       ||    14
       Animal skin       |       |       |       |       |       |       |       |       |     3 ||     3
Dodge: Dodged            |    29 |   128 |   186 |   206 |   279 |   380 |   611 |   512 |   155 ||  2486
Block: Other             |       |       |       |       |       |       |       |   105 |    28 ||   133
       Reflection        |       |       |       |       |       |       |       |     5 |       ||     5

Table legend: (Time is in decaauts)
 A = Elapsed time spent in this place.
 B = Non-inter-level travel time spent in this place.
 C = Inter-level travel time spent in this place.
 D = Time resting spent in this place.
 E = Time spent auto-exploring this place.
 F = Levels seen in this place.
 G = Mean time per level.
                   A        B        C        D        E       F      G
               +--------+--------+--------+--------+--------+-----+--------+
         Total |  69383 |  63229 |   6154 |   9340 |  43166 |  50 | 1387.7 |
       Dungeon |  20053 |  17582 |   2471 |   1760 |  13200 |  15 | 1336.9 |
        Temple |    209 |    189 |     20 |      0 |    185 |   1 |  209.0 |
          Lair |  13466 |  11977 |   1489 |   3294 |   6908 |   6 | 2244.3 |
         Swamp |   3994 |   3847 |    147 |    457 |   2655 |   4 |  998.5 |
   Spider Nest |   4969 |   4621 |    348 |     26 |   3865 |   4 | 1242.2 |
  Orcish Mines |   2780 |   2425 |    355 |    867 |   1101 |   2 | 1390.0 |
   Elven Halls |   4151 |   3917 |    234 |    498 |   2585 |   3 | 1383.7 |
        Vaults |  10726 |   9868 |    858 |   1461 |   6568 |   5 | 2145.2 |
         Crypt |     82 |     82 |      0 |     33 |     23 |   1 |   82.0 |
        Depths |   6041 |   5812 |    229 |    693 |   4243 |   4 | 1510.2 |
        Bazaar |    199 |    199 |      0 |      0 |     76 |   2 |   99.5 |
         Sewer |   1184 |   1184 |      0 |     81 |    935 |   1 | 1184.0 |
      Ice Cave |   1238 |   1238 |      0 |     53 |    799 |   1 | 1238.0 |
        Wizlab |    284 |    284 |      0 |    117 |     19 |   1 |  284.0 |
               +--------+--------+--------+--------+--------+-----+--------+

Top non-repeatable levels by time:
  Lair:3: 3155 daAuts
Vaults:5: 2653 daAuts
Vaults:4: 2498 daAuts
  Lair:1: 2464 daAuts
  Lair:6: 2459 daAuts
     D:8: 2302 daAuts
Depths:2: 2238 daAuts
Vaults:1: 2192 daAuts
  Lair:5: 2074 daAuts
   Orc:1: 1955 daAuts
  Lair:4: 1902 daAuts
    D:12: 1891 daAuts
     D:9: 1870 daAuts
Vaults:3: 1735 daAuts
Depths:3: 1671 daAuts
